 Dungeon Crawl Stone Soup version 0.19-a0-277-g85cb9a5 (webtiles) character file.

7 ololoev the Sneak (level 1, -3/9 HPs)
             Began as a Spriggan Enchanter on May 26, 2016.
             Slain by a kobold (4 damage)
             ... on level 1 of the Dungeon.
             The game lasted 00:00:37 (197 turns).

ololoev the Sneak (Spriggan Enchanter)               Turns: 197, Time: 00:00:39

Health: -3/9       AC:  3    Str:  4    XL:     1   Next: 91%
Magic:  4/5        EV: 18    Int: 16    God:
Gold:   11         SH:  0    Dex: 16    Spells: 1 memorised, 4 levels left

rFire  . . .     SeeInvis +     a - +1 dagger
rCold  . . .     Gourm    .     b - +1 robe
rNeg   . . .     Faith    .     (shield restricted)
rPois  .         Spirit   .     (helmet restricted)
rElec  .         Dismiss  .     (no cloak)
rCorr  .         Reflect  .     (gloves unavailable)
SustAt .         Harm     .     (boots unavailable)
MR     .....                    (no amulet)
Stlth  +++.......               (no ring)
                                (no ring)

@: very quick, not resistant to hostile enchantments, fairly stealthy
A: unfitting armour, see invisible, herbivore 3, speed 3, slow metabolism 2
a: no special abilities


Innate Abilities, Weirdness & Mutations

You are tiny and cannot use many weapons and most armour.
You have supernaturally acute eyesight. (SInv)
You are a herbivore.
You cover ground extremely quickly.
You need consume almost no food.

Inventory:

Hand Weapons
 a - a +1 dagger (weapon)
Armour
 b - a +1 robe (worn)
Scrolls
 e - a scroll of amnesia {unknown}
 f - a scroll of random uselessness {unknown}
Books
 c - a book of Maledictions

   Spells                             Type                      Level
   a - Corona                         Hexes                        1
   b - Ensorcelled Hibernation        Hexes/Ice                    2
   c - Confuse                        Hexes                        3
   d - Tukima's Dance                 Hexes                        3
   e - Dazzling Spray                 Conjuration/Hexes            3
Comestibles
 d - a bread ration


   Skills:
 * Level 1.3 Short Blades
 + Level 3.0 Dodging
 + Level 4.5 Stealth
 * Level 2.9 Spellcasting
 * Level 3.9 Hexes


You had 4 spell levels left.
You knew the following spells:

 Your Spells              Type           Power        Failure   Level  Hunger
a - Corona                Hex            ###....      4%          1    #......


You were on level 1 of the Dungeon.
You were not hungry.

You visited 1 branch of the dungeon, and saw 1 of its levels.

You collected 11 gold pieces.

#.##### #.....#
#####..#≈≈ #
#.....#######...#..#≈≈
#..............##..#≈≈
#.....#.........#..#≈≈
#.....#.#####..##..#≈≈
##..###.# #..##..#≈≈
#..# #.# ##..##..###
#..###.####.#)##.....
#..K@......###.#.....
##.###.####.#.#####..
#. #.# ##.## #.. #.
#.# ### ##. #.###.# #.
#...#.# #. ..#.#.# #.
#.#...# #. #.#.###
##########.

Notes
Turn   | Place    | Note
--------------------------------------------------------------
     0 | D:1      | ololoev the Spriggan Enchanter began the quest for the Orb.
     0 | D:1      | Reached XP level 1. HP: 9/9 MP: 5/5
     4 | D:1      | Noticed an electric eel
   197 | D:1      | Slain by a kobold

Dungeon Overview and Level Annotations

Branches:
Dungeon (1/15)

Altars:


Message History

You kill the rat!
The goblin hits you but does no damage.
You closely miss the goblin. The goblin hits you with a dagger.
You are too injured to fight recklessly!
You are too injured to fight recklessly!
You are too injured to fight recklessly!
You are too injured to fight recklessly!
You are too injured to fight recklessly!
You see here a goblin corpse.
Casting: Corona
Confirm with . or Enter, or press ? or * to list all spells.
Aiming: Corona
Press: ? - help, Shift-Dir - straight line, f - goblin
Aim: a goblin, wielding a dagger (chance to defeat MR: 84%)
The goblin barely resists.
The rat twitches its whiskers.
Casting: Corona
Confirm with . or Enter, or press ? or * to list all spells.
Aiming: Corona
Press: ? - help, Shift-Dir - straight line, f/p - goblin
Aim: a goblin, wielding a dagger (chance to defeat MR: 84%)
The goblin is outlined in light.
You hit the goblin.
The goblin is moderately wounded.
The goblin closely misses you.
You hit the goblin.
The goblin is heavily wounded.
The goblin misses you.
You hit the goblin.
You kill the goblin!
Casting: Corona
Confirm with . or Enter, or press ? or * to list all spells.
Aiming: Corona
Press: ? - help, Shift-Dir - straight line, f - rat
Aim: a rat (chance to defeat MR: 84%)
The rat is outlined in light.
The rat closely misses you.
You hit the rat but do no damage. The rat barely misses you.
You hit the rat.
The rat is heavily wounded.
The rat bites you.
You hit the rat.
You kill the rat!
You start resting.
Magic restored.
You start resting.
A kobold comes into view.
Casting: Corona
Confirm with . or Enter, or press ? or * to list all spells.
Aiming: Corona
Press: ? - help, Shift-Dir - straight line, f - kobold
Aim: a kobold, wearing a leather armour (hasn't noticed you, chance to defeat MR: 84%)
The kobold shouts!
The kobold is outlined in light.
The kobold throws a stone.
The stone misses you. The kobold closely misses you.
You completely miss the kobold. The kobold completely misses you.
You closely miss the kobold. You barely miss the kobold. The kobold misses you.
You hit the kobold but do no damage. The kobold barely misses you.
You barely miss the kobold. The kobold barely misses you.
You hit the kobold but do no damage. The kobold hits you.
You barely miss the kobold.
The kobold stops glowing.
The kobold completely misses you.
You closely miss the kobold. The kobold misses you.
You see here a stone.
Casting: Corona
Confirm with . or Enter, or press ? or * to list all spells.
Aiming: Corona
Press: ? - help, Shift-Dir - straight line, f/p - kobold
Aim: a kobold, wearing a leather armour (chance to defeat MR: 84%)
The kobold is outlined in light.
The kobold barely misses you.
You barely miss the kobold. The kobold closely misses you.
You hit the kobold but do no damage. The kobold hits you.
You hit the kobold but do no damage. You hit the kobold but do no damage.
The kobold hits you.
You hit the kobold but do no damage. The kobold completely misses you.
You hit the kobold.
The kobold is moderately wounded.
The kobold hits you.
You die...

You could see a kobold.

Vanquished Creatures
  2 goblins (D:1)
  A hobgoblin (D:1)
  A bat (D:1)
  A kobold (D:1)
  3 rats (D:1)
8 creatures vanquished.

Action                   || total
-------------------------++-------
Melee: Dagger            ||    35
 Cast: Corona            ||     5
 Stab: Sleeping          ||     3
Armor: Robe              ||     4
Dodge: Dodged            ||    19

Vault maps used:
D:1:      arrival_aquarium_a, minmay_misc_feat_square
